Map: Berlingrad LE

Players

DisK

  • Race: Protoss Protoss
  • League: Master

Zoun - Winner!

  • Race: Protoss Protoss

Event: DreamHack SC2 Masters Last Chance 2022

VOD

Have the link to the VOD?

Description

Time

  • Played on: Dec. 19, 2021, 6:19 p.m.
  • Length: 7:59

All games in this series

Show
View Real Time Build Order
Export as new Build Order

DisK Protoss 

Build Orders: Phoenix Opening, Blink Stalkers 

Get SALT Encoding   

  12  0:00  Probe  
  13  0:12  Probe  
  14  0:17  Pylon  
  14  0:24  Probe  
  15  0:35  Gateway  
  15  0:36  Probe (Chrono Boost)  
  16  0:45  Probe (Chrono Boost)  
  16  0:46  Assimilator  
  17  0:50  Probe (Chrono Boost)  
  18  1:02  Assimilator  
  18  1:03  Probe (Chrono Boost)  
  19  1:08  Gateway  
  19  1:14  Probe (Chrono Boost)  
  20  1:18  Probe (Chrono Boost)  
  20  1:24  Cybernetics Core  
  21  1:29  Probe  
  22  1:35  Pylon  
  22  1:41  Probe  
  23  1:53  Probe  
  24  2:01  Stalker x2  
  28  2:02  Warp Gate  
  28  2:06  Probe  
  29  2:14  Pylon  
  29  2:18  Probe  
  30  2:27  Pylon  
  30  2:46  Nexus  
  30  2:50  Sentry x2  
  34  2:53  Probe (Chrono Boost)  
  35  2:58  Shield Battery  
  35  3:05  Probe (Chrono Boost)  
  36  3:10  Twilight Council  
  36  3:13  Probe (Chrono Boost)  
  39  3:21  Pylon  
  39  3:22  Probe  
  38  3:34  Probe  
  38  3:36  Phoenix  
  38  3:39  Blink (Chrono Boost)  
  39  3:46  Probe  
  40  3:51  Stalker  
  40  3:53  Stalker  
  44  3:58  Probe x2  
  46  4:03  Phoenix  
  46  4:10  Probe x2  
  46  4:14  Stalker  
  46  4:16  Stalker  
  52  4:22  Probe  
  53  4:25  Probe  
  54  4:33  Pylon  
  54  4:34  Probe  
  54  4:37  Stalker  
  57  4:40  Robotics Facility  
  57  4:42  Probe  
  57  4:44  Stalker  
  60  4:46  Probe  
  61  4:54  Probe  
  63  5:00  Probe  
  63  5:02  Stalker  
  65  5:08  Pylon  
  65  5:09  Nexus  
  65  5:12  Pylon  
  65  5:23  Assimilator  
  65  5:25  Gateway  
  65  5:27  Gateway  
  65  5:28  Adept x2  
  67  5:30  Observer (Chrono Boost)  
  70  5:44  Shield Battery  
  70  5:48  Immortal (Chrono Boost)  
  70  5:50  Shield Battery  
  70  5:52  Pylon  
  74  5:58  Stalker x2  
  73  6:22  Stalker x4  
  77  6:33  Probe x2  
  77  6:36  Observer  
  65  6:44  Immortal  
  65  6:47  Forge  
  69  6:48  Gateway  
  69  6:49  Probe x3  
  69  6:50  Gateway  
  69  6:51  Gateway  
  69  6:54  Gateway  
  72  6:58  Stalker  
  72  7:00  Stalker  
  72  7:01  Probe x2  
  76  7:12  Stalker x2  
  55  7:23  Stalker x2  
  59  7:34  Pylon  
  59  7:37  Stalker x2  
  55  7:45  Stalker  
  53  7:53  Stalker x2  
Show
View Real Time Build Order
Export as new Build Order

Zoun Protoss - Winner!

Build Orders: Phoenix Opening, Blink Stalkers 

Get SALT Encoding   

  12  0:00  Probe  
  13  0:12  Probe  
  14  0:17  Pylon  
  14  0:24  Probe (Chrono Boost)  
  15  0:37  Probe (Chrono Boost)  
  15  0:38  Gateway  
  16  0:43  Probe (Chrono Boost)  
  16  0:46  Assimilator  
  17  0:51  Probe  
  17  0:56  Assimilator  
  18  1:03  Probe (Chrono Boost)  
  19  1:08  Gateway  
  19  1:13  Probe (Chrono Boost)  
  19  1:18  Probe (Chrono Boost)  
  20  1:25  Cybernetics Core  
  21  1:29  Probe  
  22  1:35  Pylon  
  22  1:41  Probe  
  23  1:53  Probe  
  24  2:01  Stalker  
  24  2:02  Sentry  
  24  2:04  Warp Gate (Chrono Boost)  
  24  2:07  Probe  
  29  2:12  Pylon  
  29  2:29  Pylon  
  29  2:33  Stalker x2  
  29  2:35  Phoenix  
  33  2:51  Nexus  
  33  2:57  Shield Battery  
  33  3:02  Probe  
  34  3:13  Twilight Council  
  34  3:17  Probe (Chrono Boost)  
  35  3:22  Pylon  
  35  3:29  Probe (Chrono Boost)  
  36  3:36  Probe (Chrono Boost)  
  37  3:43  Probe  
  37  3:45  Blink (Chrono Boost)  
  39  3:56  Stalker, Sentry  
  39  3:57  Probe (Chrono Boost)  
  43  4:03  Probe (Chrono Boost)  
  45  4:13  Probe x2 (Chrono Boost)  
  46  4:18  Probe (Chrono Boost)  
  46  4:19  Robotics Facility, Probe  
  46  4:22  Sentry  
  50  4:30  Probe  
  51  4:31  Probe  
  51  4:36  Gateway x2  
  52  4:38  Assimilator  
  52  4:42  Probe  
  52  4:44  Probe  
  54  4:48  Pylon  
  54  4:52  Stalker  
  56  4:54  Probe  
  56  4:55  Stalker  
  59  5:00  Probe  
  59  5:06  Probe  
  61  5:07  Pylon  
  61  5:11  Warp Prism (Chrono Boost)  
  61  5:12  Probe  
  64  5:18  Stalker  
  64  5:21  Stalker  
  68  5:27  Pylon  
  68  5:30  Stalker  
  68  5:33  Stalker  
  72  5:39  Observer  
  73  5:46  Stalker x2  
  77  5:51  Pylon  
  77  6:03  Stalker x2  
  81  6:09  Stalker x2  
  81  6:12  Shield Battery  
  81  6:29  Stalker x2  
  79  6:37  Stalker x4  
  79  6:43  Probe  
  79  6:44  Probe  
  81  6:55  Probe  
  81  6:56  Nexus, Probe  
  83  7:07  Probe  
  80  7:13  Probe  
  75  7:19  Probe  
  75  7:20  Stalker x4  
  80  7:25  Probe  
  75  7:50  Stalker x4  
  82  7:54  Forge  

Tags
 
Add a new tag
Caveats
  • Supply blocks, unpowered buildings, or Contaminate may cause inaccurate times.
  • Supply counts are checked every 10 seconds.